 Seeded DCSS version 0.27-a0-1595-g0b823d0a13 (webtiles) character file.

Game seed: 8972593883269044693 (custom seed)

21193 Zonian the Destroyer (level 12, -1/60 HPs)
             Began as a Vine Stalker Conjurer on July 20, 2021.
             Was a Priest of Uskayaw.
             Slain by an eight-headed hydra (2 damage)
             ... on level 5 of the Lair of Beasts.
             The game lasted 00:52:50 (25412 turns).

Zonian the Destroyer (Vine Stalker Conjurer)       Turns: 25412, Time: 00:52:50

Health: -1/60      AC: 14    Str: 16    XL:     12   Next: 87%
Magic:  0/25       EV: 16    Int: 20    God:    Uskayaw [***...]
Gold:   353        SH:  3    Dex: 14    Spells: 12/27 levels left

rFire    . . .     SeeInvis +   B - +4 rapier (speed)
rCold    + . .     Faith    +   I - +0 buckler {rN+}
rNeg     + . .     Spirit   +   J - +4 ring mail {rC+}
rPois    .         Reflect  .   r - +2 helmet
rElec    .         Harm     .   (no cloak)
rCorr    .         Rampage  .   e - +1 pair of gloves
Will     ++...                  (no boots)
Stlth    +++.......             i - amulet of faith
HPRegen  1.20/turn              m - ring "Xiafuolla" {EV+4 Str+4 SInv}
MPRegen  0.19/turn              y - ring of willpower

@: very slightly contaminated
A: fangs 3, regeneration 1, magic shield, antimagic bite, no potion heal 2
a: Renounce Religion, Stomp, Line Pass


You were on level 5 of the Lair of Beasts.
You worshipped Uskayaw.
Uskayaw was noncommittal.
You visited 3 branches of the dungeon, and saw 15 of its levels.

You collected 646 gold pieces.
You spent 293 gold pieces at shops.

Inventory:

Hand Weapons
 b - a +0 dagger
 f - a +1 hand axe of flaming
 g - a +1 dagger of venom
 l - a +0 dagger of venom
 o - a +2 spectral dagger
 p - a +3 hand axe
 v - a +1 trident
 w - a +4 short sword
 x - a +3 hunting sling of flaming
 B - a +4 rapier of speed (weapon)
Missiles
 k - 14 boomerangs
 z - 78 sling bullets
 F - 48 poisoned darts
Armour
 a - a +1 robe
 e - a +1 pair of gloves (worn)
 r - a +2 helmet (worn)
 s - a +2 hat
 u - the +6 scale mail of Tortured Happiness {Str+3}
   (You bought it in a shop on level 8 of the Dungeon)

   Str:       It affects your strength (+3).
 I - a +0 buckler of positive energy (worn)
 J - a +4 ring mail of cold resistance (worn)
Magical Staves
 M - a staff of conjuration
Jewellery
 i - an amulet of faith (around neck)
 m - the ring "Xiafuolla" (left hand) {EV+4 Str+4 SInv}
   (You acquired it on level 4 of the Dungeon)

   [ring of evasion]

   EV:        It affects your evasion (+4).
   Str:       It affects your strength (+4).
   SInv:      It lets you see invisible.
 y - a ring of willpower (right hand)
 L - an amulet of magic regeneration
Wands
 n - a wand of acid (8)
 E - a wand of flame (12)
 G - a wand of mindburst (16)
 H - a wand of paralysis (9)
Scrolls
 c - a scroll of immolation
 j - 4 scrolls of magic mapping
 C - 2 scrolls of fog
 K - 4 scrolls of amnesia
 O - a scroll of identify
Potions
 d - a potion of flight
 h - 9 potions of curing
 q - 2 potions of resistance
 t - 2 potions of brilliance
 A - 4 potions of mutation
 D - a potion of invisibility
 N - 2 potions of berserk rage


   Skills:
 + Level 5.6 Fighting
 + Level 5.7 Short Blades
 - Level 0.6 Throwing
 + Level 2.4 Armour
 + Level 5.5 Dodging
 + Level 8.7 Stealth
 + Level 8.4 Spellcasting
 + Level 8.8 Conjurations
 + Level 3.9 Hexes
 + Level 2.1 Translocations
 + Level 6.9 Air Magic
 + Level 6.7 Poison Magic
 + Level 4.0 Invocations
 + Level 2.8 Evocations


You had 12 spell levels left.
You knew the following spells:

 Your Spells              Type           Power      Damage    Failure   Level
a - Magic Dart            Conj           100%       1d8       1%          1
b - Searing Ray           Conj           86%        3d6       1%          2
c - Mephitic Cloud        Conj/Pois/Air  38%        N/A       3%          3
d - Dazzling Flash        Conj/Hex       66%        N/A       5%          3
e - Iskenderun's Mystic   Conj/Tloc      30%        2d8       26%         4
f - Blink                 Tloc           N/A        N/A       16%         2

Your spell library contained the following spells:

 Spells                   Type           Power      Damage    Failure   Level
 Static Discharge         Conj/Air       40%        N/A       1%          2
 Poisonous Vapours        Pois/Air       70%        N/A       2%          2
 Sting                    Tmut/Pois      84%        1d7       6%          1
 Slow                     Hex            24%        N/A       8%          2
 Corpse Rot               Necr/Air       N/A        N/A       9%          2
 Confusing Touch          Hex            24%        N/A       16%         3
 Olgreb's Toxic Radiance  Pois           35%        N/A       16%         4
 Ensorcelled Hibernation  Hex/Ice        32%        N/A       17%         2
 Spider Form              Tmut/Pois      10%        N/A       19%         3
 Fulminant Prism          Conj/Hex       16%        3d11      19%         4
 Animate Skeleton         Necr           16%        N/A       26%         1
 Freeze                   Ice            32%        1d5       26%         1
 Pain                     Necr           32%        1d5       26%         1
 Sandblast                Erth           16%        2d6       26%         1
 Lightning Bolt           Conj/Air       20%        1d35      26%         5
 Lesser Beckoning         Tloc           8%         N/A       30%         3
 Passwall                 Tmut/Erth      6%         N/A       36%         2
 Hailstorm                Conj/Ice       26%        3d7       38%         4
 Frozen Ramparts          Ice            16%        1d3       58%         3
 Vampiric Draining        Necr           4%         2d6       58%         3
 Silence                  Hex/Air        15%        N/A       58%         5
 Freezing Cloud           Conj/Ice/Air   14%        6-21      63%         5
 Dispel Undead            Necr           8%         3d8       94%         4
 Manifold Assault         Tloc           17%        N/A       96%         5
 Agony                    Necr           8%         N/A       100%        5
 Lee's Rapid Deconstruct  Erth           4%         3d6*      100%        5
 Death Channel            Necr           4%         N/A       100%        6
 Shadow Creatures         Summ           N/A        N/A       100%        6
 Borgnjor's Revivificati  Necr           4%         N/A       100%        8
 Maxwell's Capacitive Co  Air            18%        ∞         100%        8
 Necromutation            Tmut/Necr      4%         N/A       100%        8
 Death's Door             Necr           4%         N/A       100%        9


Dungeon Overview and Level Annotations

Branches:
Dungeon (9/15)             Temple (1/1) D:5            Lair (5/6) D:9
  Swamp (0/4) Lair:3       Spider (0/4) Lair:3
  Slime: Lair:5-6       Orc: D:9-12

Altars:
Ashenzari
Cheibriados
Elyvilon
Fedhas
Hepliaklqana
Kikubaaqudgha
Nemelex Xobeh
Qazlal
Ru
Sif Muna
Uskayaw
Vehumet
Wu Jian
Zin
The Shining One

Shops:
D:8 (*:[[

Annotations:
D:5 Dowan, Sigmund


Innate Abilities, Weirdness & Mutations

You have razor-sharp teeth.
Your natural rate of healing is unusually fast.
When hurt, damage is shared between your health and your magic reserves.
Your bite disrupts and absorbs the magic of your enemies.
Potions cannot restore your health.


Message History

You bite the eight-headed hydra. You drain its power.
You feel invigorated.
The eight-headed hydra is severely wounded.
The eight-headed hydra is no longer blind.
You hit the eight-headed hydra.
Your bite misses the eight-headed hydra.
The eight-headed hydra is severely wounded.
The eight-headed hydra bites you.
The eight-headed hydra completely misses you.
The eight-headed hydra misses you.
The eight-headed hydra bites you but does no damage. x2
The eight-headed hydra misses you.
The eight-headed hydra bites you but does no damage.
You block the eight-headed hydra's attack.
Casting: Dazzling Flash (dangerous; 5% risk of failure)
Confirm with . or Enter, or press ? or * to list all spells.
You miscast Dazzling Flash.
You are very lightly contaminated with residual magic.
Nothing appears to happen.
The eight-headed hydra barely misses you.
The eight-headed hydra bites you but does no damage.
The eight-headed hydra bites you. The eight-headed hydra bites you!
* * * LOW HITPOINT WARNING * * *
The eight-headed hydra bites you.
* * * LOW HITPOINT WARNING * * *
The eight-headed hydra bites you.
* * * LOW HITPOINT WARNING * * *
The eight-headed hydra bites you.
* * * LOW HITPOINT WARNING * * *
The eight-headed hydra bites you but does no damage.
Casting: Dazzling Flash (dangerous; 5% risk of failure)
Confirm with . or Enter, or press ? or * to list all spells.
You miscast Blink.
Nothing appears to happen.
A nearby fungus withers and dies.
The eight-headed hydra bites you!
* * * LOW HITPOINT WARNING * * *
You block the eight-headed hydra's attack.
The eight-headed hydra bites you.
* * * LOW HITPOINT WARNING * * *
The eight-headed hydra bites you but does no damage.
The eight-headed hydra bites you.
You die...

......................
....##..................
....P#..................
.P....#.................
...........#......†....
.F................... .
#.#.................
....##.DP............>..
PP.....@.P............##
.......P...#............
.....####.###...........
.... #...............
... ..............## ..
...............#. .
......#........#
.............#
........##


You could see an eight-headed hydra and a bullfrog.

Vanquished Creatures
  2 hydras
  2 centaur warriors (D:9)
  3 boulder beetles
  A two-headed ogre (D:8)
  A tengu warrior (D:9)
  Pikel (D:6)
  An ugly thing (D:8)
  A cyclops (D:8)
  4 elephants (Lair:5)
  Joseph (D:8)
  2 black mambas
  2 cane toads
  6 komodo dragons
  A hornet (D:9)
  A polar bear (shapeshifter) (D:9)
  8 blink frogs
  4 redbacks (Lair:3)
  Grum (Lair:1)
  A steam dragon (D:8)
  12 yaks
  Menkaure (D:5)
  3 water moccasins
  A sky beast (D:6)
  An ice beast (D:6)
  An orc warrior (D:9)
  5 black bears
  3 ogres
  9 wolves (Lair:1)
  A centaur (D:9)
  2 kobold brigands
  9 bullfrogs
  3 scorpions
  6 jellies
  3 water moccasin skeletons
  13 wights
  4 killer bees (D:8)
  4 electric eels (Lair:3)
  A bullfrog zombie (D:5)
  A hound (D:6)
  3 orc priests
  2 gnoll shamans
  A centaur skeleton (D:7)
  8 orc wizards
  A scorpion zombie (D:5)
  2 iguanas
  A centaur simulacrum (D:9)
  A hound skeleton (D:5)
  A howler monkey zombie (D:6)
  7 gnolls
  6 adders
  3 shadow imps
  A white imp (D:7)
  A howler monkey simulacrum (D:9)
  An adder skeleton (D:4)
  4 worms
  2 dart slugs
  27 orcs
  5 ball pythons
  3 bats
  8 endoplasms
  3 giant cockroaches
  6 goblins
  3 hobgoblins
  5 jackals
  22 kobolds
  2 quokkas
  2 frilled lizards (D:1)
  7 rats
264 creatures vanquished.

Vanquished Creatures (others)
  7 fungi
  14 plants
21 creatures vanquished.

Grand Total: 285 creatures vanquished

Notes
Turn   | Place    | Note
-------+----------+-------------------------------------------
     0 | D:1      | Zonian the Vine Stalker Conjurer began the quest for the
                  | Orb.
     0 | D:1      | Reached XP level 1. HP: 9/9 MP: 4/4
   434 | D:1      | Reached XP level 2. HP: 13/13 MP: 3/6
   437 | D:1      | Learned a level 2 spell: Searing Ray
   914 | D:1      | Reached XP level 3. HP: 10/16 MP: 2/7
  1510 | D:1      | Found a faded altar of an unknown god.
  3183 | D:3      | Found a blossoming altar of Fedhas.
  3196 | D:3      | Gained mutation: Your natural rate of healing is unusually
                  | fast. [Vine Stalker growth]
  3196 | D:3      | Reached XP level 4. HP: 8/21 MP: 2/9
  3965 | D:3      | Reached skill level 5 in Conjurations
  4486 | D:4      | Upgraded the game from 0.27-a0-1591-gc56fcc985a to
                  | 0.27-a0-1595-g0b823d0a13
  4512 | D:4      | Reached XP level 5. HP: 24/24 MP: 3/11
  4516 | D:4      | Identified 3 scrolls of acquirement
  4516 | D:4      | Acquired an amulet of faith
  4517 | D:4      | Acquired the ring "Xiafuolla" {EV+4 Str+4 SInv}
  4518 | D:4      | Acquired a book of Vapours
  4682 | D:4      | Noticed an ogre
  4688 | D:4      | Killed an ogre
  4689 | D:4      | Reached XP level 6. HP: 28/28 MP: 4/13
  4869 | D:4      | Learned a level 3 spell: Mephitic Cloud
  5137 | D:4      | Found a snail-covered altar of Cheibriados.
  5685 | D:4      | Noticed a black bear
  5691 | D:4      | Killed a black bear
  5754 | D:4      | Reached skill level 1 in Air Magic
  5966 | D:4      | Found a sparkling altar of Nemelex Xobeh.
  5968 | D:4      | Found a glowing silver altar of Zin.
  6455 | D:4      | Reached skill level 1 in Poison Magic
  6630 | D:5      | Entered Level 5 of the Dungeon
  6660 | D:5      | Reached XP level 7. HP: 32/32 MP: 6/15
  6988 | D:5      | Reached skill level 5 in Spellcasting
  7182 | D:5      | Noticed Menkaure
  7193 | D:5      | You fall into a shaft and drop 3 floors!
  7197 | D:8      | Noticed Joseph
  7450 | D:8      | Found Ubrik's Assorted Antiques.
  7453 | D:8      | Found a glowing golden altar of the Shining One.
  7468 | D:8      | Bought a scroll of teleportation for 84 gold pieces
  7468 | D:8      | Bought a scroll labelled LYZUNUPSIRHI for 28 gold pieces
  7468 | D:8      | Bought a scroll labelled KIZITR LAETE for 28 gold pieces
  7485 | D:8      | Found a broken altar of Ashenzari.
  7968 | D:7      | Gained mutation: You have razor-sharp teeth. [Vine Stalker
                  | growth]
  7968 | D:7      | Reached XP level 8. HP: 37/37 MP: 9/17
  8232 | D:7      | Reached skill level 1 in Fighting
  8621 | D:7      | Reached skill level 1 in Short Blades
  9951 | D:5      | Acquired a +3 rapier of speed
  9954 | D:5      | Acquired a book of Lightning
 10046 | D:5      | Noticed Sigmund
 10097 | D:5      | Killed Menkaure
 10098 | D:5      | Reached XP level 9. HP: 42/42 MP: 11/19
 10189 | D:5      | Noticed Dowan
 10373 | D:5      | Found a staircase to the Ecumenical Temple.
 10379 | Temple   | Entered the Ecumenical Temple
 10508 | Temple   | Became a worshipper of Uskayaw the Reveller
 10624 | D:5      | Reached * piety under Uskayaw
 10837 | D:6      | Reached ** piety under Uskayaw
 10844 | D:6      | Reached *** piety under Uskayaw
 10893 | D:6      | Noticed Pikel
 10946 | D:6      | Killed Pikel
 10947 | D:6      | Reached skill level 5 in Stealth
 11859 | D:8      | Noticed a two-headed ogre
 11868 | D:8      | Killed a two-headed ogre
 11869 | D:8      | Reached XP level 10. HP: 49/49 MP: 16/21
 11869 | D:8      | Reached **** piety under Uskayaw
 11922 | D:8      | Found Ypumpuc's Antique Armour Shop.
 11941 | D:8      | Killed Joseph
 12089 | D:8      | Found Pazyes's Book Boutique.
 12136 | D:8      | Found Dojuykoz's Antique Weapon Shoppe.
 12157 | D:8      | Found a stormy altar of Qazlal.
 12445 | D:8      | Found Pifon's Armour Shop.
 12506 | D:8      | Reached skill level 5 in Air Magic
 12529 | D:8      | Reached ***** piety under Uskayaw
 12808 | D:8      | Identified the +1 scale mail "Waenuh" {Str+3}
 12841 | D:9      | Noticed a cyclops
 13191 | D:8      | Killed a cyclops
 13192 | D:8      | Reached skill level 5 in Poison Magic
 14962 | D:9      | Found a staircase to the Lair.
 15105 | D:9      | Learned a level 3 spell: Dazzling Flash
 15686 | D:9      | Noticed a centaur warrior
 15857 | D:9      | Noticed a green ugly thing
 16389 | D:8      | Killed a green ugly thing
 17098 | D:9      | Killed a centaur warrior
 17099 | D:9      | Reached skill level 1 in Hexes
 17099 | D:9      | Reached skill level 1 in Invocations
 17099 | D:9      | Reached XP level 11. HP: 46/54 MP: 12/23
 17352 | D:9      | Noticed a skeletal warrior
 17401 | D:9      | Noticed a centaur warrior
 18228 | D:8      | Bought a fine scale mail for 153 gold pieces
 18228 | D:8      | Identified the +6 scale mail of Tortured Happiness {Str+3}
                  | (You bought it in a shop on level 8 of the Dungeon)
 18490 | D:9      | Killed a centaur warrior
 18525 | D:9      | Noticed a five-headed hydra
 18547 | D:9      | Noticed a tengu warrior
 18574 | D:9      | Killed a tengu warrior
 18629 | D:9      | Paralysed by a hornet for 3 turns
 19015 | Lair:1   | Entered Level 1 of the Lair of Beasts
 19122 | Lair:1   | Noticed Grum
 19146 | Lair:1   | Killed Grum
 19152 | Lair:1   | Reached ****** piety under Uskayaw
 19640 | Lair:1   | Noticed a boulder beetle
 20102 | Lair:1   | Killed a boulder beetle
 20103 | Lair:1   | Reached skill level 1 in Evocations
 21422 | Lair:3   | Found a staircase to the Swamp.
 21477 | Lair:3   | Reached skill level 5 in Short Blades
 21477 | Lair:3   | Reached skill level 5 in Dodging
 21726 | Lair:3   | Reached skill level 1 in Armour
 21798 | Lair:3   | Reached skill level 5 in Fighting
 21892 | Lair:3   | Found a hole to the Spider Nest.
 21937 | Lair:3   | Reached XP level 12. HP: 35/60 MP: 16/25
 23261 | Lair:4   | Noticed a boulder beetle
 23759 | Lair:4   | Noticed a seven-headed hydra
 23767 | Lair:4   | Learned a level 4 spell: Iskenderun's Mystic Blast
 23779 | Lair:4   | Killed a seven-headed hydra
 23784 | Lair:4   | Found a shimmering blue altar of Sif Muna.
 23950 | Lair:4   | Noticed a boulder beetle
 23971 | Lair:4   | Killed a boulder beetle
 24234 | Lair:4   | Killed a boulder beetle
 24235 | Lair:4   | Reached skill level 1 in Translocations
 24404 | Lair:4   | Learned a level 2 spell: Blink
 25109 | Lair:5   | Noticed a six-headed hydra
 25123 | Lair:5   | Killed a six-headed hydra
 25396 | Lair:5   | Noticed an eight-headed hydra
 25412 | Lair:5   | HP: 1/60 [eight-headed hydra (4)]
 25412 | Lair:5   | Slain by an eight-headed hydra

Illustrated notes

Levels and vault maps discovered:
D:1:      dpeg_arrival_renting, layout_basic,
          hellmonk_ecumenical_altar_arch_garden, minmay_misc_feat_room
D:2:      layout_loops_cross
D:3:      layout_basic, fedhas_altar_3
D:4:      layout_loops_corners, mainiacjoe_overflow_divided_tiny,
          mainiacjoe_overflow_cross_hatched, serial_forest,
          infiniplex_forest_clump_small, infiniplex_forest_end_1,
          infiniplex_forest_clump_medium, infiniplex_forest_corner_1,
          infiniplex_forest_split, infiniplex_forest_clump_double,
          infiniplex_forest_lined_3, infiniplex_forest_3_way,
          infiniplex_forest_end_1
D:5:      minmay_general_purpose_star, layout_cave_pools,
          minmay_temple_entry_enclosed_plants, hangedman_decor_clover_reticule,
          uniq_sigmund, uniq_duvessa, uniq_menkaure
D:6:      layout_loops_ring, uniq_pikel
D:7:      layout_basic
D:8:      layout_basic, ashenzari_altar_1, nicolae_qazlal_eye_of_the_storm,
          tso_oasis_becter, serial_shops, shop, kennysheep_mini_moat,
          nicolae_shop_statue_plus, nicolae_shop_trees,
          nicolae_shop_competitors_out_of_business, st_stairs_14, uniq_joseph
D:9:      minmay_sliced_demisemicircle, layout_loops_ring, lair_entry_dummy
Temple:   minmay_temple_curvy_branch
Lair:1:   layout_chaotic_city, uniq_grum
Lair:2:   layout_cave_pods
Lair:3:   layout_regular_city, swamp_mist, spider_nest_entry_webs,
          nicolae_quartered_pool_medium, lemuel_fruit_fields,
          serial_bayou_shore_a
Lair:4:   layout_cave_pods, basic_altar, grunt_megastairs_1
Lair:5:   layout_gridlike

Skill      XL: |  1  2  3  4  5  6  7  8  9 10 11 12 |
---------------+-------------------------------------+-----
Stealth        | 3 4 6 7 8 |  8.7
Spellcasting   | 3 4 5 6 7 8 |  8.4
Conjurations   | 5 6 7 8 |  8.8
Dodging        | 2 3 4 5 |  5.5
Air Magic      | 1 2 3 4 5 6 |  6.9
Poison Magic   | 1 2 3 4 5 6 |  6.7
Fighting       | 2 3 4 5 |  5.6
Short Blades   | 2 3 4 5 |  5.7
Hexes          | 1 2 3 |  3.9
Invocations    | 1 3 4 |  4.0
Evocations     | 1 2 |  2.8
Armour         | 1 2 |  2.4
Translocations | 2 |  2.1
Throwing       | |  0.6

Action                   |  1- 3 |  4- 6 |  7- 9 | 10-12 || total
-------------------------+-------+-------+-------+-------++-------
Melee: Dagger            |    28 |    26 |    86 |       ||   140
       Bite              |     5 |     7 |    48 |   201 ||   261
       Rapier            |       |       |    62 |   595 ||   657
Throw: Boomerang         |     2 |       |       |       ||     2
 Cast: Magic Dart        |    75 |    84 |    89 |   140 ||   388
       Searing Ray       |       |     5 |    17 |    16 ||    38
       Mephitic Cloud    |       |       |       |    13 ||    13
       Dazzling Flash    |       |       |       |     1 ||     1
Invok: Line Pass         |       |       |       |     2 ||     2
Evoke: Wand              |       |       |     2 |    23 ||    25
  Use: Scroll            |     2 |     7 |    13 |     7 ||    29
       Potion            |       |     2 |     1 |     2 ||     5
 Stab: Sleeping          |     1 |     1 |     4 |     9 ||    15
       Paralysed         |       |       |     2 |    34 ||    36
       Confused          |       |       |       |     8 ||     8
Armor: Robe              |     6 |     4 |    32 |    17 ||    59
       Skin              |       |       |       |     7 ||     7
       Scale mail        |       |       |       |    56 ||    56
       Ring mail         |       |       |       |   123 ||   123
Dodge: Dodged            |    19 |    13 |   138 |   420 ||   590
Block: Buckler           |       |       |       |    50 ||    50

Table legend: (Time is in decaauts)
 A = Elapsed time spent in this place.
 B = Non-inter-level travel time spent in this place.
 C = Inter-level travel time spent in this place.
 D = Time resting spent in this place.
 E = Time spent auto-exploring this place.
 F = Levels seen in this place.
 G = Mean time per level.
                   A        B        C        D        E       F      G
               +--------+--------+--------+--------+--------+-----+--------+
         Total |  25226 |  24330 |    896 |  12492 |   7832 |  15 | 1681.7 |
       Dungeon |  18802 |  18045 |    757 |   9955 |   5214 |   9 | 2089.1 |
        Temple |    137 |    129 |      8 |      0 |    117 |   1 |  137.0 |
          Lair |   6287 |   6156 |    131 |   2536 |   2500 |   5 | 1257.4 |
               +--------+--------+--------+--------+--------+-----+--------+

Top non-repeatable levels by time:
     D:8: 5244 daAuts
     D:4: 2290 daAuts
  Lair:3: 2288 daAuts
     D:7: 2080 daAuts
     D:9: 2064 daAuts
     D:1: 1780 daAuts
     D:3: 1552 daAuts
     D:6: 1414 daAuts
     D:5: 1250 daAuts
  Lair:4: 1245 daAuts
  Lair:1: 1226 daAuts
  Lair:2: 1149 daAuts
     D:2: 1124 daAuts
  Lair:5: 377 daAuts
  Temple: 137 daAuts
